 Dungeon Crawl Stone Soup version 0.26.1-10-gdfb7c7de75 (webtiles) character file.

Game seed: 12924934328832976702

36 lauthentik the Vexing (level 3, 0/19 HPs)
             Began as a Vampire Enchanter on Apr 8, 2021.
             Slain by an adder (1 damage)
             ... on level 2 of the Dungeon.
             The game lasted 00:04:02 (1031 turns).

lauthentik the Vexing (Vampire Enchanter)           Turns: 1031, Time: 00:04:03

Health: 0/19       AC:  2    Str:  7    XL:     3   Next: 19%
Magic:  1/6        EV: 13    Int: 18    God:
Gold:   39         SH:  0    Dex: 14    Spells: 0/6 levels left

rFire    . . .     SeeInvis +   a - +1 dagger
rCold    + + .     Faith    .   (no shield)
rNeg     + + +     Spirit   .   b - +0 robe
rPois    ∞         Reflect  .   (no helmet)
rElec    .         Harm     .   (no cloak)
rCorr    .         Rampage  .   (no gloves)
Will     .....                  (no boots)
Stlth    +++++.....             (no amulet)
HPRegen  0.00/turn              (no ring)
MPRegen  0.10/turn              (no ring)

@: bloodless
A: fangs 3, see invisible, unbreathing
a: Bat Form, Revivify


You were on level 2 of the Dungeon.
You visited 1 branch of the dungeon, and saw 2 of its levels.

You collected 39 gold pieces.

Inventory:

Hand Weapons
 a - a +1 dagger (weapon)
Missiles
 c - 6 atropa-tipped darts
 f - 4 curare-tipped darts
Armour
 b - a +0 robe (worn)
Scrolls
 e - a scroll of teleportation {unknown}
Potions
 d - a potion of curing {unknown}
 g - a potion of heal wounds {unknown}


   Skills:
 + Level 1.5 Short Blades
 + Level 2.3 Dodging
 + Level 5.2 Stealth
 + Level 2.2 Spellcasting
 + Level 5.2 Hexes


You couldn't memorise any spells.
You knew the following spells:

 Your Spells              Type           Power        Failure   Level
a - Ensorcelled Hibernat  Hex/Ice        22%          9%          2
b - Corona                Hex            22%          1%          1
c - Confusing Touch       Hex            20%          6%          3

Your spell library contained the following spells:

 Spells                   Type           Power        Failure   Level
 Tukima's Dance           Hex            20%          6%          3
 Dazzling Flash           Conj/Hex       22%          19%         3


Dungeon Overview and Level Annotations

Branches:
Dungeon (2/15)

Altars:


Innate Abilities, Weirdness & Mutations

You do not regenerate when monsters are visible.
You are frail without blood (-20% HP).
You can heal yourself when you bite living creatures.
You are immune to poison.
You have razor-sharp teeth.
You have supernaturally acute eyesight. (SInv)
You can survive without breathing.


Message History

* * * LOW HITPOINT WARNING * * *
The adder bites you.
* * * LOW HITPOINT WARNING * * *
You hit the adder but do no damage.
The adder is heavily wounded.
The adder barely misses you.
You miss the adder.
The adder is heavily wounded.
The adder closely misses you.
You hit the adder.
The adder is almost dead.
The adder bites you.
* * * LOW HITPOINT WARNING * * *
You barely miss the adder.
The adder is almost dead.
The adder closely misses you. The adder bites you but does no damage.
You closely miss the adder.
The adder is almost dead.
The adder bites you.
You die...

##+### ....
.... ...
#>. #l# #S#
#@#
###.######
#..........
#.#.#######
#.#.# #.#.#
#.#.# #.#..
#.###


You could see an adder and a frilled lizard.

Vanquished Creatures
  2 dart slugs (D:1)
  3 leopard geckos (D:1)
  A goblin (D:1)
  7 hobgoblins (D:1)
  2 jackals (D:1)
  2 kobolds (D:1)
  2 frilled lizards
  9 rats
28 creatures vanquished.

Notes
Turn   | Place    | Note
-------+----------+-------------------------------------------
     0 | D:1      | lauthentik the Vampire Enchanter began the quest for the
                  | Orb.
     0 | D:1      | Reached XP level 1. HP: 13/13 MP: 3/3
   134 | D:1      | Reached XP level 2. HP: 9/15 MP: 3/5
   248 | D:1      | Reached skill level 5 in Hexes
   700 | D:1      | Reached skill level 5 in Stealth
   775 | D:1      | Reached XP level 3. HP: 19/19 MP: 6/6
   781 | D:1      | Learned a level 2 spell: Ensorcelled Hibernation
   785 | D:1      | Learned a level 3 spell: Confusing Touch
  1031 | D:2      | Slain by an adder

Illustrated notes

Levels and vault maps discovered:
D:1:      minmay_arrival_diagonal_passages, layout_basic,
          kennysheep_pointless_box, roderic_serpentine_path,
          hangedman_abyss_or_decor_stabs
D:2:      layout_basic, lemuel_doored_altar, grunt_ministairs_3, uniq_robin

Skill      XL: |  1  2 |
---------------+-------+-----
Hexes          | 5 |  5.2
Stealth        | 5 |  5.2
Short Blades   | |  1.5
Dodging        | |  2.3
Spellcasting   | |  2.2

Action                   || total
-------------------------++-------
Melee: Dagger            ||    69
       Bite              ||     3
 Cast: Corona            ||     8
       Ensorcelled Hiber ||     6
 Abil: Exsanguinate      ||     1
 Stab: Sleeping          ||    20
Armor: Robe              ||     3
Dodge: Dodged            ||    40
